 Dungeon Crawl Stone Soup version 0.31-a0-656-gb4d89c20fa (webtiles) character file.

Game seed: 8442077304866483984

59 HoaS the Shooter (level 4, 0/26 HPs)
             Began as a Tengu Hunter on Aug 31, 2023.
             Slain by an adder (1 damage)
             ... on level 2 of the Dungeon.
             The game lasted 00:02:49 (916 turns).

HoaS the Shooter (Tengu Hunter)                      Turns: 916, Time: 00:02:50

Health: 0/26       AC:  3    Str: 12    XL:     4   Next: 3%
Magic:  5/5        EV: 16    Int:  9    God:
Gold:   85         SH:  0    Dex: 19    Spells: 3/3 levels left

rFire   . . .        a - +0 shortbow
rCold   . . .        (shield currently unavailable)
rNeg    . . .        c - +0 leather armour
rPois   .            (helmet restricted)
rElec   .            (no cloak)
rCorr   .            (no gloves)
SInv    .            (boots unavailable)
Will    .....        (no amulet)
Stlth   ++           (no ring)
HPRegen 0.24/turn    (no ring)
MPRegen 0.09/turn

%: no passive effects
@: no status effects
A: beak, talons 3, nimble 1
a: no special abilities


You were on level 2 of the Dungeon.
You visited 1 branch of the dungeon, and saw 2 of its levels.

You collected 85 gold pieces.

Inventory:

Hand Weapons
 a - a +0 shortbow (weapon)
Armour
 c - a +0 leather armour (worn)
Scrolls
 b - a scroll of butterflies
Potions
 d - 2 potions of curing


   Skills:
 - Level 2.0 Fighting
 + Level 6.0 Ranged Weapons
 - Level 2.1 Dodging
 - Level 1.0 Stealth


You had 3 spell levels left.
You didn't know any spells.
Your spell library contained the following spells:

 Spells                   Type           Power      Damage    Failure   Level
 Freeze                   Ice            0%         1d3       45%         1
 Frozen Ramparts          Ice            0%         1d1       83%         3
 Hailstorm                Conj/Ice       0%         3d3       83%         3
 Leda's Liquefaction      Hex/Erth       0%         N/A       99%         4
 Lee's Rapid Deconstruct  Erth           0%         3d4*      100%        5
 Leda's Unmaking          Conj/Erth      0%         9d1       100%        6


Dungeon Overview and Level Annotations

Branches:
Dungeon (2/15)

Altars:

Annotations:
D:2 Terence


Innate Abilities, Weirdness & Mutations

You have a beak for a mouth.
You have claws for feet.
Your magical nature helps you evade attacks. (EV +4)


Message History

Terence shouts!
The endoplasm quivers.
You shoot an arrow. The arrow hits Terence.
Terence is moderately wounded.
You shoot an arrow. The arrow barely misses Terence.
Terence closely misses you.
Terence shouts, "ATTACK!!!"
Terence closely misses you.
You shoot an arrow. The arrow hits Terence.
Terence is moderately wounded.
Terence says, "You're history."
Terence hits you with a +0 flail!
You shoot an arrow.
The arrow hits Terence but does no damage.
Terence is moderately wounded.
The adder barely misses you. Terence closely misses you.
You shoot an arrow. The arrow hits Terence.
Terence is heavily wounded.
The adder barely misses you. Terence misses you.
The adder completely misses you.
You shoot an arrow. The arrow hits Terence.
Terence is severely wounded.
The adder misses you. Terence misses you.
You shoot an arrow. The arrow hits Terence.
Terence is almost dead.
The adder bites you. Terence hits you with a +0 flail! The adder bites you.
* * * LOW HITPOINT WARNING * * *
You shoot an arrow. The arrow closely misses Terence.
The endoplasm freezes you.
You are frozen.
* * * LOW HITPOINT WARNING * * *
Terence closely misses you. The adder bites you.
* * * LOW HITPOINT WARNING * * *
The endoplasm closely misses you. Terence barely misses you.
You shoot an arrow.
The arrow hits Terence but does no damage.
Terence is almost dead.
The adder bites you but does no damage. The endoplasm misses you.
The adder bites you.
You die...

####.#...#........#...
#.................#.#.
#.................# #
#.................#.
#...................
#.................#
#.........#.......#
###########.J.....#
#@SJ....# ##@.....#
#......#
...............
...............
.........####..
....S....# ..
..J......# ..J......#


You could see Terence, an adder and 2 endoplasms.

Vanquished Creatures
  2 adders (D:2)
  A dart slug (D:1)
  An orc (D:2)
  3 ball pythons (D:1)
  5 endoplasms
  A giant cockroach (D:2)
  A hobgoblin (D:2)
  7 kobolds
  2 quokkas
  2 bats (D:1)
  A frilled lizard (D:2)
  6 goblins
  3 rats
35 creatures vanquished.

Notes
Turn   | Place    | Note
-------+----------+-------------------------------------------
     0 | D:1      | HoaS the Tengu Hunter began the quest for the Orb.
     0 | D:1      | Reached XP level 1. HP: 12/12 MP: 2/2
   105 | D:1      | Reached XP level 2. HP: 17/17 MP: 3/3
   107 | D:1      | Reached skill level 5 in Ranged Weapons
   338 | D:1      | Reached XP level 3. HP: 21/21 MP: 4/4
   766 | D:2      | Reached skill level 6 in Ranged Weapons
   835 | D:2      | Reached XP level 4. HP: 26/26 MP: 5/5
   905 | D:2      | Noticed Terence
   915 | D:2      | HP: 1/26 [adder (4)]
   916 | D:2      | Slain by an adder

Illustrated notes

Levels and vault maps discovered:
D:1:      giann_bridges, layout_loops_ring, minivault_27
D:2:      layout_basic, uniq_terence

Skill      XL: |  1  2  3 |
---------------+----------+-----
Ranged Weapons | 5 6 |  6.0
Fighting       | |  2.0
Dodging        | |  2.1
Stealth        | |  1.0

Action                     |  1- 3 |  4- 6 || total
---------------------------+-------+-------++-------
   Fire: Shortbow          |   103 |    17 ||   120
    Use: Scroll            |     2 |       ||     2
 Armour: Leather armour    |     8 |     1 ||     9
  Dodge: Dodged            |    28 |    15 ||    43

Table legend: (Time is in decaauts)
 A = Elapsed time spent in this place.
 B = Non-inter-level travel time spent in this place.
 C = Inter-level travel time spent in this place.
 D = Time resting spent in this place.
 E = Time spent auto-exploring this place.
 F = Levels seen in this place.
 G = Mean time per level.
                   A        B        C        D        E       F      G
               +--------+--------+--------+--------+--------+-----+--------+
         Total |    936 |    926 |     10 |    177 |    568 |   2 |  468.0 |
       Dungeon |    936 |    926 |     10 |    177 |    568 |   2 |  468.0 |
               +--------+--------+--------+--------+--------+-----+--------+

Top non-repeatable levels by time:
     D:1: 553 daAuts
     D:2: 382 daAuts
